 Dungeon Crawl Stone Soup version 0.30.0-29-ga12c61a403 (webtiles) character file.

Game seed: 14597654835063605604

135 qw the Chopper (level 5, -3/32 HPs)
             Began as a Gargoyle Fighter on June 5, 2023.
             Slain by an ogre
             ... wielding a +0 giant club
              (25 damage)
             ... on level 4 of the Dungeon.
             The game lasted 00:01:13 (2515 turns).

qw the Chopper (Gargoyle Fighter)                   Turns: 2515, Time: 00:01:14

Health: -3/32      AC: 15    Str: 22    XL:     5   Next: 18%
Magic:  5/5        EV:  6    Int:  8    God:
Gold:   104        SH:  4    Dex:  9    Spells: 4/4 levels left

rFire   . . .        Y - +0 war axe
rCold   . . .        c - +0 buckler
rNeg    + . .        g - +0 plate armour
rPois   inf          (no helmet)
rElec   +            (no cloak)
rCorr   .            (no gloves)
SInv    .            (no boots)
Will    .....        (no amulet) Stlth
                     (no ring)
HPRegen 0.25/turn    (no ring)
MPRegen 0.09/turn

%: no passive effects
@: no status effects
A: sickness immunity, AC +4, negative energy resistance 1, electricity
resistance, torment resistance 1, petrification resistance
a: no special abilities


You were on level 4 of the Dungeon.
You visited 1 branch of the dungeon, and saw 4 of its levels.

You collected 188 gold pieces.
You spent 84 gold pieces at shops.


Innate Abilities, Weirdness & Mutations

You are immune to sickness and miasma.
Your stone body is resilient. (AC +4)
You are immune to poison.
You resist negative energy. (rN+)
You are resistant to electric shocks. (rElec)
You are resistant to unholy torment.
You are immune to petrification.


   Skills:
 - Level 3.2 Fighting
 + Level 4.5 Axes
 - Level 1.0 Throwing
 - Level 3.2 Armour
 - Level 3.2 Shields


You had 4 spell levels left.
You didn't know any spells.
Your spell library was empty.

Inventory:

Hand Weapons
 k - a +0 flail
 Y - a +0 war axe (weapon)
Missiles
 h - 3 javelins (quivered)
Armour
 c - a +0 buckler (worn)
 g - a +0 plate armour (worn)
Jewellery
 m - a ring of fire
Scrolls
 i - a scroll of identify
Potions
 a - a potion of lignification
 d - 2 potions of might
 e - 2 potions of curing
 f - a potion of resistance
 j - a potion of heal wounds
 n - a potion of attraction
 p - a potion of mutation

Dungeon Overview and Level Annotations

Branches:
Dungeon (4/15)
 Temple: D:4-7

Altars:

Shops:
D:3 (

Annotations:
D:3 3 runed translucent doors, qw's ghost, novice GrFi


Message History

It was a scroll of noise.
Could not explore, unopened runed door.
2486 ||| READING scroll labelled BUYKYL WAVULIU.
As you read the scroll labelled BUYKYL WAVULIU, it crumbles to dust.
It is a scroll of amnesia.
You feel forgetful for a moment. Qw's ghost shrieks, "They lied to you.
The Dungeon just goes down and down forever."
Could not explore, unopened runed door.
2487 ||| READING 2 scrolls of identify.
As you read the scroll of identify, it crumbles to dust.
p - a potion of mutation
2487 ||| IDENTIFYING metallic yellow potion Qw's ghost shouts, "There is no future for me!"
Could not explore, unopened runed door.
(D) Dungeon
Where to? (* - list waypoints, Enter - D:3, ? - help)
What level of the Dungeon? (default 1, ? - help)
There is a stone staircase leading down here.
You climb downwards.
The ogre shouts!
Found 3 gold pieces and a leather armour.
There is a stone staircase leading up here.
An ogre is nearby!
Waypoint 3 assigned to D:4.
You hit the ogre.
The ogre is lightly wounded.
The ogre closely misses you.
You hit the ogre but do no damage.
The ogre is lightly wounded.
The ogre hits you but does no damage.
You barely miss the ogre.
The ogre is lightly wounded.
The ogre barely misses you.
You slash the ogre!
The ogre is heavily wounded.
You completely miss the ogre.
The ogre is heavily wounded.
The ogre hits you with a +0 giant club!
2515 ||| STAIRDANCE The ogre hits you with a +0 giant club!!
Ouch! That really hurt!
You die...

#########
#..@....#
#..O....#
#...$...#
#.......#
+..[....#
........#
.........#
#+######..#


You could see an ogre.

Vanquished Creatures
  Jessica (D:3)
  3 adders
  3 orcs (D:3)
  5 ball pythons
  7 endoplasms
  6 giant cockroaches
  3 goblins (D:3)
  6 hobgoblins
  14 jackals
  4 kobolds
  5 quokkas
  3 bats
  3 frilled lizards
  6 rats
69 creatures vanquished.

Notes
Turn   | Place    | Note
-------+----------+-------------------------------------------
     0 | D:1      | qw the Gargoyle Fighter began the quest for the Orb.
     0 | D:1      | Reached XP level 1. HP: 14/14 MP: 1/1
     0 | D:1      | 0 ||| qw: Version: 0.2-a-108-gee2c290
     0 | D:1      | 0 ||| qw: Game counter: 1465
     0 | D:1      | 0 ||| qw: Always use a shield: true
     0 | D:1      | 0 ||| qw: God list: Okawaru
     0 | D:1      | 0 ||| qw: Allow faded altars: false
     0 | D:1      | 0 ||| qw: Do Orc after D:15 true
     0 | D:1      | 0 ||| qw: Do second Lair branch before Depths: true
     0 | D:1      | 0 ||| qw: Lair rune preference: random
     0 | D:1      | 0 ||| qw: Plans: Normal, Zot:1-4, Slime:5, God:TSO, Crypt,
                  | Tomb, Abyss, Pan, Hells, Win
     0 | D:1      | 0 ||| PLANNING D:1-11
    69 | D:1      | Reached skill level 2 in Axes
   310 | D:1      | Reached XP level 2. HP: 19/19 MP: 2/2
   719 | D:1      | Reached skill level 3 in Axes
   723 | D:1      | Reached XP level 3. HP: 23/23 MP: 3/3
   938 | D:1      | 938 ||| READING 2 scrolls labelled MOUFAI NUCSI.
   939 | D:1      | 939 ||| READING 4 scrolls labelled HUMAONG YCITUC.
   940 | D:1      | 940 ||| READING scroll labelled LAGGAERUO.
   941 | D:1      | 941 ||| DRINKING 2 murky emerald potions.
   942 | D:1      | 942 ||| DRINKING 2 grey potions.
   943 | D:1      | 943 ||| READING 3 scrolls of identify.
   943 | D:1      | 943 ||| IDENTIFYING glowing silvery potion
   944 | D:1      | 944 ||| READING 2 scrolls of identify.
   944 | D:1      | 944 ||| IDENTIFYING fizzy yellow potion
   945 | D:1      | 945 ||| DROPPING scroll of immolation.
   946 | D:1      | 946 ||| DROPPING potion of flight.
   947 | D:1      | 947 ||| DROPPING potion of brilliance.
   971 | D:2      | 971 ||| STAIRDANCE
  1377 | D:2      | Identified the +1 leather armour "Erumoet" {rF- rC- Will+++
                  | Dex+4}
  1449 | D:2      | Reached skill level 1 in Throwing
  1488 | D:2      | 1488 ||| UPGRADING to +0 plate armour.
  1498 | D:2      | 1498 ||| DROPPING +0 scale mail.
  1499 | D:2      | 1499 ||| READING scroll labelled IWOV BUH TUI.
  1502 | D:2      | 1502 ||| DRINKING 2 silvery potions.
  1503 | D:2      | 1503 ||| READING 4 scrolls of identify.
  1503 | D:2      | 1503 ||| IDENTIFYING purple potion
  1504 | D:2      | 1504 ||| READING 3 scrolls of identify.
  1504 | D:2      | 1504 ||| IDENTIFYING glowing white potion
  1567 | D:3      | Found Sijuch's Antique Weapon Boutique.
  1572 | D:3      | Reached XP level 4. HP: 28/28 MP: 4/4
  1576 | D:3      | 1576 ||| BUYING flail (84 gold).
  1576 | D:3      | Bought a flail for 84 gold pieces
  1576 | D:3      | 1576 ||| SHOPLISTING glowing war axe (156 gold, have 8).
  1576 | D:3      | 1576 ||| DROPPING +0 club.
  1694 | D:3      | 1694 ||| Stepping ~*~*~tactically~*~*~ (stealth).
  1719 | D:3      | 1719 ||| Stepping ~*~*~tactically~*~*~ (stealth).
  1720 | D:3      | 1720 ||| Stepping ~*~*~tactically~*~*~ (stealth).
  1722 | D:3      | 1722 ||| Stepping ~*~*~tactically~*~*~ (stealth).
  1761 | D:3      | Found a runed translucent gate.
  1761 | D:3      | Found a runed translucent gate.
  1825 | D:3      | Noticed Jessica
  1827 | D:3      | Killed Jessica
  1828 | D:3      | Reached skill level 4 in Axes
  1843 | D:3      | 1843 ||| Stepping ~*~*~tactically~*~*~ (stealth).
  1854 | D:3      | 1854 ||| Stepping ~*~*~tactically~*~*~ (stealth).
  1952 | D:3      | 1952 ||| Stepping ~*~*~tactically~*~*~ (stealth).
  1953 | D:3      | 1953 ||| Stepping ~*~*~tactically~*~*~ (stealth).
  1955 | D:3      | Reached XP level 5. HP: 32/32 MP: 5/5
  1955 | D:3      | 1955 ||| Stepping ~*~*~tactically~*~*~ (stealth).
  1956 | D:3      | 1956 ||| Stepping ~*~*~tactically~*~*~ (stealth).
  2031 | D:3      | Found a runed translucent gate.
  2033 | D:3      | Noticed qw's ghost (novice GrFi)
  2484 | D:3      | 2484 ||| READING scroll labelled AMMOKHL AGAGG.
  2485 | D:3      | 2485 ||| READING scroll labelled WOURIG BUNOORO.
  2486 | D:3      | 2486 ||| READING scroll labelled BUYKYL WAVULIU.
  2487 | D:3      | 2487 ||| READING 2 scrolls of identify.
  2487 | D:3      | 2487 ||| IDENTIFYING metallic yellow potion
  2509 | D:4      | Noticed an ogre
  2515 | D:4      | 2515 ||| STAIRDANCE
  2515 | D:4      | Slain by an ogre

Levels and vault maps discovered:
D:1:      ldierk_walled_garden_2, layout_basic
D:2:      layout_rooms, minmay_between
D:3:      layout_basic, serial_shops, nicolae_shop_crystal,
          gammafunk_ghost_necromancy, uniq_jessica
D:4:      lemuel_castle_with_subvaults [lemuel_castle_interior_carwin_3],
          layout_gridville, grunt_temple_overflow_gold_and_silver,
          general_overflow_altar, minmay_temple_entry_mini_moons,
          minmay_pentangle

Skill      XL: |  1  2  3  4 |
---------------+-------------+-----
Axes           | 2 3 4 |  4.5
Throwing       | 1 |  1.0
Fighting       | |  3.2
Armour         | |  3.2
Shields        | |  3.2

Action                     |  1- 3 |  4- 6 || total
---------------------------+-------+-------++-------
  Melee: War axe           |   133 |    53 ||   186
  Throw: Javelin           |    14 |    24 ||    38
    Use: Scroll            |     8 |     4 ||    12
         Potion            |     3 |       ||     3
 Armour: Scale mail        |    74 |       ||    74
         Plate armour      |     1 |    36 ||    37
  Dodge: Dodged            |    57 |    17 ||    74
  Block: Buckler           |    26 |     6 ||    32

Table legend:
 A = Non-vault XP
 B = Vault XP
 C = Vault XP percentage of total XP
 D = Non-vault monster count
 E = Vault monster count
 F = Vault count percentage of total count
                 A         B        C        D         E       F
            +---------+---------+-------+---------+---------+-------
      Total |     135 |      59 |  30.4 |      63 |       6 |   8.7
            +---------+---------+-------+---------+---------+-------
        D:1 |      41 |       0 |   0.0 |      24 |       0 |   0.0
        D:2 |      17 |      22 |  56.4 |      11 |       5 |  31.2
        D:3 |      77 |      37 |  32.5 |      28 |       1 |   3.4
            +---------+---------+-------+---------+---------+-------
